 Dungeon Crawl Stone Soup version 0.30-a0-1157-g2cc9ac7196 (webtiles) character file.

Game seed: 17408532555493017493

680 retardedninja the Firebug (level 7, -6/50 (51) HPs)
             Began as a Gnoll Fire Elementalist on Apr 24, 2023.
             Was an Initiate of Cheibriados.
             Mangled by a wight
             ... wielding a +2 hand axe
              (9 damage)
             ... on level 6 of the Dungeon.
             The game lasted 00:13:10 (6434 turns).

retardedninja the Firebug (Gnoll Fire Elementalist) Turns: 6434, Time: 00:13:11

HP:   -6/50 (51)    AC:  3    Str:  8 (9)  XL:     7   Next: 60%
MP:   6/15          EV: 13    Int: 16 (17) God:    Cheibriados [......]
Gold: 219           SH:  5    Dex: 12 (13) Spells: 7/17 levels left

rFire   + . .        c - +0 war axe
rCold   . . .        (no shield)
rNeg    . . .        n - +0 robe
rPois   .            l - +0 helmet
rElec   .            (no cloak)
rCorr   .            (no gloves)
SInv    .            (no boots)
Will    ++...        t - amulet "Yquomuv" {Reflect Harm rC+ Will++ Slay-4 SH+5}
Stlth   +++          z - ring of fire
HPRegen 0.28/turn    (no ring)
MPRegen 0.14/turn

%: harm (+30% outgoing, +20% incoming), reflection
@: very slightly contaminated, lightly drained, very slow
A: fangs 1, strong nose, distributed training
a: Renounce Religion


You were on level 6 of the Dungeon.
You worshipped Cheibriados.
Cheibriados was noncommittal.
You visited 2 branches of the dungeon, and saw 7 of its levels.

You collected 219 gold pieces.

Inventory:

Hand Weapons
 c - a +0 war axe (weapon)
Armour
 l - a +0 helmet (worn)
 n - a +0 robe (worn)
 v - an orb of energy
Jewellery
 t - the amulet "Yquomuv" (around neck) {Reflect Harm rC+ Will++ Slay-4 SH+5}
   (You found it on level 4 of the Dungeon)

   [amulet of reflection]

   It reflects blocked missile attacks.
   Slay:      It affects your accuracy & damage with ranged weapons and melee
   (-4).
   rC:        It protects you from cold.
   SH:        It affects your SH (+5).
   Harm:      It increases damage dealt and taken.
   Will:      It greatly increases your willpower.
 z - a ring of fire (left hand)
Wands
 p - a wand of paralysis (9)
Scrolls
 a - a scroll of amnesia {unknown}
 d - 6 scrolls of identify
 f - 3 scrolls of enchant weapon
 g - a scroll of brand weapon {unknown}
 h - a scroll of torment {unknown}
 j - a scroll of blinking {unknown}
 k - 4 scrolls of teleportation {unknown}
 m - a scroll of immolation {unknown}
 o - a scroll of enchant armour {unknown}
 q - a scroll of vulnerability {unknown}
 s - a scroll of fog {unknown}
 x - a scroll of fear {unknown}
 y - 3 scrolls of magic mapping {unknown}
Potions
 b - 2 potions of magic
 e - a potion of attraction {unknown}
 i - 2 potions of degeneration
 r - 2 potions of curing {unknown}
 u - a potion of flight {unknown}


   Skills:
 + Level 2.7 Fighting
 + Level 2.7 Short Blades
 + Level 2.7 Long Blades
 + Level 2.7 Axes
 + Level 2.7 Maces & Flails
 + Level 2.7 Polearms
 + Level 2.7 Staves
 + Level 2.7 Ranged Weapons
 + Level 2.7 Throwing
 + Level 2.7 Armour
 + Level 5.3 Dodging
 + Level 5.0 Stealth
 + Level 2.7 Shields
 + Level 2.7 Unarmed Combat
 + Level 5.7 Spellcasting
 + Level 3.1 Conjurations
 + Level 2.2 Hexes
 + Level 2.2 Summonings
 + Level 2.2 Necromancy
 + Level 2.2 Translocations
 + Level 2.2 Transmutations
 + Level 5.9 Fire Magic
 + Level 2.2 Ice Magic
 + Level 2.2 Air Magic
 + Level 2.2 Earth Magic
 + Level 2.2 Poison Magic
 + Level 3.0 Invocations
 + Level 2.7 Evocations


You had 7 spell levels left.
You knew the following spells:

 Your Spells              Type           Power      Damage    Failure   Level
a - Foxfire               Conj/Fire      100%       2x1d9     2%          1
b - Scorch                Fire           70%        2d8       1%          2
c - Flame Wave            Conj/Fire      28%        2d9       22%         4
d - Inner Flame           Hex/Fire       26%        N/A       8%          3

Your spell library contained the following spells:

 Spells                   Type           Power      Damage    Failure   Level
 Volatile Blastmotes      Fire/Tloc      52%        2d14      8%          3
 Sublimation of Blood     Necr           11%        N/A       9%          2
 Wereblood                Tmut           11%        N/A       9%          2
 Summon Ice Beast         Ice/Summ       11%        N/A       50%         4
 Summon Mana Viper        Hex/Summ       11%        N/A       85%         5
 Monstrous Menagerie      Summ           5%         N/A       100%        7
 Summon Hydra             Summ           5%         N/A       100%        7


Dungeon Overview and Level Annotations

Branches:
Dungeon (6/15)             Temple (1/1) D:4

Altars:
Ashenzari
Cheibriados
Dithmenos
Elyvilon
Gozag
Hepliaklqana
Kikubaaqudgha
Makhleb
Nemelex Xobeh
Okawaru
Qazlal
Ru
Sif Muna
Trog
Uskayaw
Vehumet
Wu Jian
Xom
Yredelemnul
Zin
The Shining One

Shops:
D:3 ?![:(


Innate Abilities, Weirdness & Mutations

You have very sharp teeth.
Your uncanny sense of smell can sniff out nearby items.
Your experience applies equally to all skills.


Message History

A wave of flame ripples out!
The flame wave engulfs the wight.
The wight is almost destroyed.
The flame wave engulfs the wight.
You destroy the wight!
Cheibriados appreciates the change of pace.
The flame wave engulfs the wight but does no damage.
The wight is lightly damaged.
You finish channelling waves of flame.
You hear a shout!
You hear an angry hiss.
The wight hits you from afar with a +5 trident!
* * * LOW HITPOINT WARNING * * *
The wight misses you.
Your Invocations skill increases to level 3!
You feel much better.
The wight hits you from afar with a +5 trident.
The wight hits you with a +2 hand axe!
It was a potion of degeneration.
There was something very wrong with that liquid.
You feel weakened.
You feel dopey.
You feel clumsy.
An adder comes into view. x2
The wight misses you. You block the wight's attack.
The adder moves out of view. x2
Okay, then.
Casting: Flame Wave (quite dangerous; 22% risk of failure)
Confirm with . or Enter, or press ? or * to list all spells.
The spell is quite dangerous to miscast (22% risk of failure)!
Continue anyway?
Casting: Flame Wave (quite dangerous; 22% risk of failure)
Press: ? - help, Dir - look around, f - activate You feel a surge of power!
You miscast Flame Wave.
You are very lightly contaminated with residual magic.
Nothing appears to happen.
You block the wight's attack. The wight hits you with a +2 hand axe!
* * * LOW HITPOINT WARNING * * *
You feel drained.
The wight hits you from afar with a +5 trident!
* * * LOW HITPOINT WARNING * * *
The wight closely misses you.
Unknown command.
The wight barely misses you. The wight hits you with a +2 hand axe!
You die...

.. . #. ###
.###. ..## .
....##...#
#.##.......#
#....S.S..####
#.....†))....#
#.@z....#
##..z.....
##.#...## .#
#..# .# .. .#
∆ # .. #. ∆


You could see 2 wights and 2 adders.

Vanquished Creatures
  An ogre (D:2)
  A bullfrog (D:6)
  A scorpion (D:4)
  2 wights (D:6)
  A hound (D:5)
  An orc priest (D:3)
  4 iguanas
  Robin (D:2)
  3 gnolls (D:4)
  5 adders
  A shadow imp (D:4)
  A worm (D:3)
  4 dart slugs
  4 orcs
  6 endoplasms
  3 giant cockroaches
  18 goblins
  10 hobgoblins
  3 jackals (D:4)
  4 kobolds
  4 quokkas
  8 ball pythons
  8 bats
  5 frilled lizards
  9 rats
108 creatures vanquished.

Vanquished Creatures (others)
  408 foxfires
408 creatures vanquished.

Grand Total: 516 creatures vanquished

Notes
Turn   | Place    | Note
-------+----------+-------------------------------------------
     0 | D:1      | retardedninja the Gnoll Fire Elementalist began the quest
                  | for the Orb.
     0 | D:1      | Reached XP level 1. HP: 13/13 MP: 6/6
   158 | D:1      | Reached XP level 2. HP: 19/19 MP: 5/7
   559 | D:1      | Reached skill level 5 in Spellcasting
   559 | D:1      | Reached XP level 3. HP: 25/25 MP: 2/9
   768 | D:1      | Learned a level 2 spell: Scorch
   980 | D:1      | Reached skill level 1 in Invocations
  1153 | D:2      | Reached skill level 1 in Fighting
  1153 | D:2      | Reached skill level 1 in Short Blades
  1153 | D:2      | Reached skill level 1 in Long Blades
  1153 | D:2      | Reached skill level 1 in Axes
  1153 | D:2      | Reached skill level 1 in Maces & Flails
  1153 | D:2      | Reached skill level 1 in Polearms
  1153 | D:2      | Reached skill level 1 in Staves
  1153 | D:2      | Reached skill level 1 in Ranged Weapons
  1153 | D:2      | Reached skill level 1 in Throwing
  1153 | D:2      | Reached skill level 1 in Armour
  1153 | D:2      | Reached skill level 1 in Shields
  1153 | D:2      | Reached skill level 1 in Unarmed Combat
  1153 | D:2      | Reached skill level 1 in Evocations
  1163 | D:2      | Noticed Robin
  1441 | D:2      | Killed Robin
  1442 | D:2      | Reached XP level 4. HP: 32/32 MP: 1/11
  2066 | D:2      | Reached skill level 1 in Hexes
  2066 | D:2      | Reached skill level 1 in Summonings
  2066 | D:2      | Reached skill level 1 in Necromancy
  2066 | D:2      | Reached skill level 1 in Translocations
  2066 | D:2      | Reached skill level 1 in Transmutations
  2066 | D:2      | Reached skill level 1 in Ice Magic
  2066 | D:2      | Reached skill level 1 in Air Magic
  2066 | D:2      | Reached skill level 1 in Earth Magic
  2066 | D:2      | Reached skill level 1 in Poison Magic
  2088 | D:2      | Found an ancient bone altar of Kikubaaqudgha.
  2509 | D:3      | Noticed an ogre
  2910 | D:2      | Killed an ogre
  2911 | D:2      | Reached XP level 5. HP: 12/37 MP: 8/12
  3265 | D:3      | Found Dubuf's Distillery.
  3310 | D:3      | Found Taump's Magic Scroll Shoppe.
  3592 | D:3      | Found Wef Epta's Book Emporium.
  3623 | D:3      | Learned a level 4 spell: Flame Wave
  3627 | D:3      | Learned a level 3 spell: Inner Flame
  3656 | D:3      | Found Hezeuxae's Antique Armour Shop.
  3675 | D:3      | Reached XP level 6. HP: 40/44 MP: 8/13
  3753 | D:3      | Found Cyell's Antique Weapon Emporium.
  3906 | D:4      | Identified the amulet "Yquomuv" {Reflect Harm rC+ Will++
                  | Slay-4 SH+5}
  4050 | D:4      | Reached skill level 5 in Dodging
  4299 | D:4      | Found a staircase to the Ecumenical Temple.
  4408 | Temple   | Entered the Ecumenical Temple
  4507 | Temple   | Became a worshipper of Cheibriados the Contemplative
  5198 | D:5      | Entered Level 5 of the Dungeon
  5391 | D:5      | Reached XP level 7. HP: 23/50 MP: 6/15
  6429 | D:6      | Reached skill level 5 in Stealth
  6434 | D:6      | Mangled by a wight

Illustrated notes

Levels and vault maps discovered:
D:1:      heliophobic_arrival_enchanted_forest, layout_rooms
D:2:      layout_basic, basic_altar, uniq_robin
D:3:      layout_rooms, serial_shops, nicolae_shop_just_a_little_nook,
          nicolae_shop_hallway_stairs, shop_statue, nicolae_diamond_shop,
          nicolae_shop_crystal
D:4:      layout_loops_ring, minmay_temple_entry_mist
D:5:      layout_loops_cross
D:6:      layout_rooms, grunt_ministairs_2, uniq_maggie, uniq_prince_ribbit1,
          uniq_crazy_yiuf_cottage
Temple:   grunt_wide_crystal_templ

Skill      XL: |  1  2  3  4  5  6  7 |
---------------+----------------------+-----
Conjurations   | 2 3 |  3.1
Spellcasting   | 5 |  5.7
Invocations    | 1 2 3 |  3.0
Fighting       | 1 2 |  2.7
Short Blades   | 1 2 |  2.7
Long Blades    | 1 2 |  2.7
Axes           | 1 2 |  2.7
Maces & Flails | 1 2 |  2.7
Polearms       | 1 2 |  2.7
Staves         | 1 2 |  2.7
Ranged Weapons | 1 2 |  2.7
Throwing       | 1 2 |  2.7
Armour         | 1 2 |  2.7
Shields        | 1 2 |  2.7
Unarmed Combat | 1 2 |  2.7
Evocations     | 1 2 |  2.7
Hexes          | 1 2 |  2.2
Summonings     | 1 2 |  2.2
Necromancy     | 1 2 |  2.2
Translocations | 1 2 |  2.2
Transmutations | 1 2 |  2.2
Ice Magic      | 1 2 |  2.2
Air Magic      | 1 2 |  2.2
Earth Magic    | 1 2 |  2.2
Poison Magic   | 1 2 |  2.2
Dodging        | 5 |  5.3
Stealth        | 5 |  5.0
Fire Magic     | |  5.9

Action                     |  1- 3 |  4- 6 |  7- 9 || total
---------------------------+-------+-------+-------++-------
  Melee: War axe           |     8 |    15 |       ||    23
         Bite              |     2 |       |       ||     2
         Punch             |       |     1 |       ||     1
   Cast: Foxfire           |    87 |   152 |    18 ||   257
         Scorch            |     4 |    18 |     8 ||    30
         Flame Wave        |       |       |     1 ||     1
  Evoke: Wand              |       |     2 |       ||     2
    Use: Potion            |       |       |     2 ||     2
         Scroll            |       |       |     1 ||     1
 Armour: Robe              |     9 |    12 |     2 ||    23
  Dodge: Dodged            |    29 |    41 |    19 ||    89
  Block: Other             |       |       |     3 ||     3

Table legend: (Time is in decaauts)
 A = Elapsed time spent in this place.
 B = Non-inter-level travel time spent in this place.
 C = Inter-level travel time spent in this place.
 D = Time resting spent in this place.
 E = Time spent auto-exploring this place.
 F = Levels seen in this place.
 G = Mean time per level.
                   A        B        C        D        E       F      G
               +--------+--------+--------+--------+--------+-----+--------+
         Total |   6723 |   6485 |    238 |   1260 |   4197 |   7 |  960.4 |
       Dungeon |   6601 |   6414 |    187 |   1260 |   4146 |   6 | 1100.2 |
        Temple |    121 |     70 |     51 |      0 |     51 |   1 |  121.0 |
               +--------+--------+--------+--------+--------+-----+--------+

Top non-repeatable levels by time:
     D:2: 1694 daAuts
     D:4: 1552 daAuts
     D:1: 1333 daAuts
     D:5: 1185 daAuts
     D:3: 826 daAuts
  Temple: 121 daAuts
     D:6: 8 daAuts
